 Dungeon Crawl Stone Soup version 0.30-a0-341-g682706514a (webtiles) character file.

Game seed: 9885424746481230424

343 lunkers the Digger (level 7, -1/50 HPs)
             Began as a Meteoran Earth Elementalist on Nov 1, 2022.
             Was an Initiate of Gozag.
             Slain by a hound (3 damage)
             ... on level 5 of the Dungeon.
             The game lasted 00:02:39 (2078 turns).

lunkers the Digger (Meteoran Earth Elementalist)    Turns: 2078, Time: 00:02:40

Health: -1/50      AC:  2    Str: 10    XL:     7   Next: 13%
Magic:  15/15      EV: 12    Int: 18    God:    Gozag
Gold:   130        SH:  0    Dex: 15    Spells: 15/16 levels left

rFire   . . .      SeeInvis .    (no weapon)
rCold   . . .      Faith    .    (no shield)
rNeg    . . .      Spirit   .    a - +0 robe
rPois   .          Reflect  .    (no helmet)
rElec   .          Harm     .    (no cloak)
rCorr   .          Rampage  .    (no gloves)
Will    .....                    (no boots)
Stlth   +.........               (no amulet)
HPRegen 0.28/turn                (no ring)
MPRegen 0.14/turn                (no ring)

@: slowed, glowing, very slow
A: sense surroundings 1, otherworldly, glowing, explore regen
a: Renounce Religion, Potion Petition, Call Merchant, Bribe Branch


You were on level 5 of the Dungeon.
You worshipped Gozag.
Gozag was aware of your devotion.
You visited 2 branches of the dungeon, and saw 6 of its levels.

You collected 245 gold pieces.
You paid 115 gold pieces to Gozag.

Inventory:

Missiles
 e - a throwing net
 g - 4 curare-tipped darts
Armour
 a - a +0 robe (worn)
Wands
 n - a wand of polymorph (9)
 p - a wand of charming (9)
Potions
 b - 2 potions of magic
 d - a potion of lignification {unknown}
 f - a potion of berserk rage {unknown}
 h - a potion of resistance {unknown}
 i - a potion of brilliance {unknown}
 j - a potion of curing {unknown}
 m - a potion of flight {unknown}
 q - a potion of attraction {unknown}


   Skills:
 - Level 2.4 Dodging
 - Level 1.4 Stealth
 + Level 5.1 Spellcasting
 - Level 1.2 Transmutations
 * Level 7.4 Earth Magic


You had 15 spell levels left.
You knew the following spells:

 Your Spells              Type           Power      Damage    Failure   Level
a - Sandblast             Erth           62%        2d14      1%          1

Your spell library contained the following spells:

 Spells                   Type           Power      Damage    Failure   Level
 Passwall                 Tmut/Erth      16%        N/A       3%          2
 Stone Arrow              Conj/Erth      34%        3d9       9%          3
 Ensorcelled Hibernation  Hex/Ice        8%         N/A       21%         2
 Petrify                  Tmut/Erth      20%        N/A       22%         4
 Swiftness                Air            4%         N/A       36%         3


Dungeon Overview and Level Annotations

Branches:
Dungeon (5/15) Zot: 1119   Temple (1/1) D:5 Zot: 347

Altars:
Ashenzari
Dithmenos
Elyvilon
Fedhas
Gozag
Hepliaklqana
Makhleb
Nemelex Xobeh
Okawaru
Ru
Sif Muna
Trog
Uskayaw
Wu Jian
Xom
Yredelemnul
Zin


Innate Abilities, Weirdness & Mutations

You passively map a small area around you.
You are easily found by Zot.
You glow in the dark.
You regain HP and MP as you explore.


Message History

* * * LOW HITPOINT WARNING * * *
You're too confused to move!
You feel sick. The hound barely misses you.
The hound bites you but does no damage. The howler monkey barely misses you.
The hound barely misses you. The hound attacks as you move away!
The hound bites you.
* * * LOW HITPOINT WARNING * * *
You feel less invigorated.
You feel less confused.
You feel sick.
You are no longer poisoned.
The hound bites you.
* * * LOW HITPOINT WARNING * * *
The howler monkey hoots and howls with incredible vigour!
The hound bites you.
* * * LOW HITPOINT WARNING * * *
The hound attacks as you move away! The hound bites you but does no damage.
The howler monkey attacks as you move away!
The howler monkey hits you.
* * * LOW HITPOINT WARNING * * *
The howler monkey hoots and howls with incredible vigour!
The hound misses you.
The howler monkey hoots and howls with incredible vigour!
You aren't carrying any scrolls.
The hound attacks as you move away! The hound bites you.
* * * LOW HITPOINT WARNING * * *
The hound bites you but does no damage. The kobold brigand closely misses you.
The hound closely misses you. The hound attacks as you move away!
The hound bites you.
* * * LOW HITPOINT WARNING * * *
A black bear comes into view.
The hound bites you but does no damage.
The howler monkey hoots and howls with incredible vigour!
The kobold brigand hits you with a +0 dagger.
* * * LOW HITPOINT WARNING * * *
You hear an angry hiss.
The kobold brigand attacks as you move away!
The kobold brigand misses you. The hound misses you.
The hound attacks as you move away! The hound bites you.
You die...
Your body crumbles into a pile of gold.

,, #....)..###.#..# * #
##....#....#.#..#
#.#........#.#....## *
.#.######....h....###
...#......##...##...#
..#.#.####.##...##.#.#
*
,#.#.#§####...........#
*#§§.##.....>.....#*
#§#§#@#..........## ,
#..§§§.§h..##...##.# **
#.#§#§#l#K.##...##.#
#..#§§§#.KKK.......#
### #§##...K.......# ,,
, #........K...### ,
#####........# , **
#.#####'## ,..........#


You could see a kobold brigand, an iguana, a hound and 5 kobolds.

Vanquished Creatures
  An ice beast (D:5)
  A howler monkey (D:5)
  A jelly (D:4)
  A hound (D:4)
  6 gnolls
  2 adders
  4 dart slugs
  4 orcs (D:4)
  5 ball pythons
  5 endoplasms
  2 giant cockroaches (D:1)
  11 goblins
  3 hobgoblins
  3 jackals (D:3)
  2 quokkas
  A bat (D:2)
  6 kobolds
  2 rats
60 creatures vanquished.

Notes
Turn   | Place    | Note
-------+----------+-------------------------------------------
     0 | D:1      | lunkers the Meteoran Earth Elementalist began the quest for
                  | the Orb.
     0 | D:1      | Reached XP level 1. HP: 14/14 MP: 5/5
   205 | D:1      | Reached skill level 4 in Earth Magic
   205 | D:1      | Reached XP level 2. HP: 20/20 MP: 3/6
   487 | D:2      | Reached XP level 3. HP: 26/26 MP: 6/8
   564 | D:2      | Reached skill level 5 in Earth Magic
   564 | D:2      | Reached XP level 4. HP: 20/33 MP: 3/10
   768 | D:2      | You fall into a shaft and drop 2 floors!
   778 | D:4      | Reached XP level 5. HP: 31/38 MP: 6/11
  1101 | D:4      | Reached skill level 6 in Earth Magic
  1233 | D:4      | Identified the +1 chain mail "Jobeece" {Harm Str-3 Dex+4
                  | Slay+2}
  1356 | D:3      | Reached XP level 6. HP: 45/45 MP: 10/13
  1669 | D:5      | Entered Level 5 of the Dungeon
  1670 | D:5      | Found an ornate altar of the Wu Jian Council.
  1725 | D:5      | Noticed an ice beast
  1734 | D:5      | Found a shadowy altar of Dithmenos.
  1739 | D:5      | Found a staircase to the Ecumenical Temple.
  1748 | Temple   | Entered the Ecumenical Temple
  1976 | Temple   | Became a worshipper of Gozag Ym Sagoz the Greedy
  2034 | D:5      | Killed an ice beast
  2035 | D:5      | Reached skill level 5 in Spellcasting
  2035 | D:5      | Reached skill level 7 in Earth Magic
  2035 | D:5      | Reached XP level 7. HP: 21/50 MP: 6/15
  2065 | D:5      | HP: 2/50 [poisoned by a kobold brigand (curare-tipped
                  | dart)]
  2076 | D:5      | HP: 1/50 [kobold brigand/+0 dagger (4)]
  2078 | D:5      | Slain by a hound

Illustrated notes

Levels and vault maps discovered:
D:1:      wheals_arrival_shading, layout_basic,
          shapermc_ecumenical_altar_notcrosses, minmay_domino_2
D:2:      layout_loops_ring
D:3:      layout_basic, grunt_temple_overflow_diamond, minmay_goblin_outpost
D:4:      minmay_razor_zed, layout_basic, nicolae_vehumet_radiance,
          minmay_rat_hole
D:5:      layout_basic, grunt_dithmenos_smoke_and_mirrors,
          nzn_wu_jian_contemplation, minmay_temple_entry_stoned_glass,
          grunt_decor_cap
Temple:   regret_index_temple_generic_petals

Skill      XL: |  1  2  3  4  5  6 |
---------------+-------------------+-----
Earth Magic    | 4 5 6 7 |  7.4
Spellcasting   | 3 4 5 |  5.1
Dodging        | |  2.4
Stealth        | |  1.4
Transmutations | |  1.2

Action                   |  1- 3 |  4- 6 |  7- 9 || total
-------------------------+-------+-------+-------++-------
Melee: Unarmed           |    15 |       |       ||    15
 Cast: Sandblast         |    29 |    66 |     2 ||    97
  Use: Scroll            |       |     5 |       ||     5
       Potion            |       |       |     1 ||     1
Armor: Robe              |     6 |     7 |     4 ||    17
Dodge: Dodged            |    16 |    23 |    15 ||    54

Table legend: (Time is in decaauts)
 A = Elapsed time spent in this place.
 B = Non-inter-level travel time spent in this place.
 C = Inter-level travel time spent in this place.
 D = Time resting spent in this place.
 E = Time spent auto-exploring this place.
 F = Levels seen in this place.
 G = Mean time per level.
                   A        B        C        D        E       F      G
               +--------+--------+--------+--------+--------+-----+--------+
         Total |   2133 |   1885 |    248 |      0 |   1527 |   6 |  355.5 |
       Dungeon |   1880 |   1689 |    191 |      0 |   1345 |   5 |  376.0 |
        Temple |    252 |    195 |     57 |      0 |    182 |   1 |  252.0 |
               +--------+--------+--------+--------+--------+-----+--------+

Top non-repeatable levels by time:
     D:4: 564 daAuts
     D:2: 406 daAuts
     D:1: 377 daAuts
     D:3: 360 daAuts
  Temple: 252 daAuts
     D:5: 172 daAuts
